 Dungeon Crawl Stone Soup version 0.18.1-8-gdd0e5ea (webtiles) character file.

10 jacquesderrida the Charmwright (level 2, 15/22 HPs)
             Began as a Demonspawn Skald on May 28, 2016.
             Quit the game on level 1 of the Dungeon.
             The game lasted 00:00:21 (191 turns).

jacquesderrida the Charmwright (Demonspawn Skald)    Turns: 191, Time: 00:00:22

Health: 15/22      AC:  4    Str: 12    XL:     2   Next: 10%
Magic:  5/5        EV: 11    Int: 13    God:
Gold:   0          SH:  0    Dex: 12    Spells: 1 memorised, 4 levels left

rFire  . . .     SeeInvis .     a - +0 spear
rCold  . . .     Gourm    .     b - +0 leather armour
rNeg   . . .     Faith    .     (no shield)
rPois  .         Spirit   .     (no helmet)
rElec  .         Dismiss  .     (no cloak)
rCorr  .         Reflect  .     (no gloves)
SustAt .         Harm     .     (no boots)
MR     .....                    k - amulet of inaccuracy (curse)
Stlth  +.........               (no ring)
                                (no ring)

@: not resistant to hostile enchantments, very unstealthy
A: molten scales 1
a: no special abilities


You were on level 1 of the Dungeon.
You were not hungry.

You visited 1 branch of the dungeon, and saw 1 of its levels.

Inventory:

Hand Weapons
 a - a +0 spear (weapon)
Armour
 b - a +0 leather armour (worn)
Jewellery
 k - a cursed amulet of inaccuracy (around neck)
Scrolls
 f - a scroll of remove curse {unknown}
 g - a scroll of enchant weapon {unknown}
Potions
 e - a potion of degeneration {unknown}
 h - a potion of curing {unknown}
 i - a potion of haste {unknown}
 j - a potion of agility {unknown}
Books
 c - a book of Battle

   Spells                             Type                      Level
   a - Infusion                       Charms                       1
   b - Shroud of Golubria             Charms/Translocation         2
   c - Song of Slaying                Charms                       2
   d - Spectral Weapon                Hexes/Charms                 3
   e - Regeneration                   Charms/Necromancy            3
Comestibles
 d - a bread ration


   Skills:
 + Level 2.1 Fighting
 + Level 1.8 Polearms
 + Level 0.8 Armour
 + Level 1.0 Dodging
 + Level 2.2 Spellcasting
 + Level 2.9 Charms


You had 4 spell levels left.
You knew the following spells:

 Your Spells              Type           Power        Failure   Level  Hunger
a - Infusion              Chrm           #...         12%         1    ##.....


Dungeon Overview and Level Annotations

Branches:
Dungeon (1/15)

Altars:


Innate Abilities, Weirdness & Mutations

You are partially covered in molten scales (AC +1).


Message History

You closely miss the hobgoblin.
The hobgoblin is moderately wounded.
The hobgoblin barely misses you.
You hit the hobgoblin but do no damage.
The hobgoblin is moderately wounded.
The hobgoblin closely misses you.
You closely miss the hobgoblin.
The hobgoblin is moderately wounded.
You hit the hobgoblin.
The hobgoblin is almost dead.
The hobgoblin closely misses you.
You hit the hobgoblin.
You kill the hobgoblin!
Things that are here:
a club; a hobgoblin corpse
k - a tiny ivory amulet Put on which piece of jewellery? (? for menu, Esc to quit)
Oops, that amulet feels deathly cold.
k - a cursed amulet of inaccuracy (around neck) Are you sure you want to abandon this character and quit the game? (Confirm with "yes".)

#............###..†.†.#
#.)........###........# .
#........###.......###....
###......+...###............
.......#...)...###...###.....
.....#.#...###...###.######## ##
...#.#.#..†..###..)..##.. ...
.#.#.#.#.......###...##.######.##
.#.#.#.#........@###.##.#≈≈≈≈♣≈♣≈
...#.#.#.#.....###...##.#≈..♣...P
.....#)#.#...###.....##.#≈.♣♣♣.PP
.......#...###..........#≈..♣...P
...................#..#.#♣♣......
...........+....†.....#.......<..
...........#...##.##.####♣♣......
...........#...##.##.# #≈..P...P
...........#...##..#.#


#≈.PPP.PP There were no monsters in sight!

Vanquished Creatures
  A giant gecko (D:1)
  2 bats (D:1)
  A goblin (D:1)
  A hobgoblin (D:1)
  2 giant newts (D:1)
  A kobold (D:1)
  2 rats (D:1)
10 creatures vanquished.

Notes
Turn   | Place    | Note
--------------------------------------------------------------
     0 | D:1      | jacquesderrida the Demonspawn Skald began the quest for the Orb.
     0 | D:1      | Reached XP level 1. HP: 16/16 MP: 3/3
   127 | D:1      | Reached skill level 1 in Dodging
   166 | D:1      | Gained mutation: You are partially covered in molten scales (AC +1). [demonic ancestry]
   166 | D:1      | Reached XP level 2. HP: 18/22 MP: 5/5
   191 | D:1      | Quit the game

Skill      XL: |  1 |
---------------+----+-----
Dodging        | 1 |  1.0
Fighting       | |  2.1
Polearms       | |  1.8
Armour         | |  0.8
Spellcasting   | |  2.2
Charms         | |  2.9

Action                   || total
-------------------------++-------
Melee: Spear             ||    41
Armor: Leather armour    ||     7
Dodge: Dodged            ||    21
